AoeStats
← no one

Arena

508928536Analyzed
1v1 RM · 8d ago on Sep 24, 2026· 15m 13s· 2 players
Game mode
Random Map
Map size
Tiny (2 player)
Population
200
Speed
Normal
Resources
Standard
Victory
Conquest
Starting age
Dark Age
Ending age
Imperial Age
RankedLock teamsTeams togetherTeam positionsShared explorationLock speedFull tech treeHidden civsTurbo modeCheats
Victory
Defeat
🇩🇪 Malians · Germany
1568
+20
🇦🇷 Burmese · Argentina
1661
-20
kami al-farsi
10:29 Feudal Age
12:20 Double-Bit Axe
14:44 Castle Age
13:12 Horse Collar
no one
10:54 Feudal Age
14:28 Castle Age
12:36 Horse Collar
13:42 Loom
Connection lost

Rejoining the realm…

Still unreachable

The connection could not be restored.

Session expired

The server has moved on; the page needs a fresh start.